 Dungeon Crawl Stone Soup version 0.19-a0-1341-g3513869 (webtiles) character file.

8531 Amnesiac the Cleaver (level 11, -13/90 HPs)
             Began as a Hill Orc Monk on Sept 1, 2016.
             Was the Champion of Hepliaklqana.
             Mangled by a spiny frog (20 damage)
             ... on level 9 of the Dungeon.
             The game lasted 00:25:29 (11680 turns).

Amnesiac the Cleaver (Hill Orc Monk)               Turns: 11680, Time: 00:25:30

Health: -13/90     AC: 13    Str: 19    XL:     11   Next: 32%
Magic:  11/11      EV: 18    Int: 10    God:    Hepliaklqana [******]
Gold:   1193       SH:  5    Dex: 18    Spells: 0 memorised, 10 levels left

rFire  . . .     SeeInvis +     G - +3 hand axe of Winter {pain, rPois rN++ Str+4 SInv}
rCold  . . .     Gourm    .     H - +3 leather armour {rPois}
rNeg   + + +     Faith    .     (no shield)
rPois  +         Spirit   .     (no helmet)
rElec  .         Dismiss  .     x - +2 cloak {rPois}
rCorr  .         Reflect  +     (no gloves)
MR     .....     Harm     .     (no boots)
Stlth  ++........               d - +5 amulet of reflection
                                E - +4 ring of protection
                                j - ring of positive energy

@: lethally poisoned (-13 -> -19)
A: agile 1, mutation resistance 1
a: Recall Ancestor, Ancestor Identity, Transference, Idealise, Renounce Religion


You were on level 9 of the Dungeon.
You worshipped Hepliaklqana.
Hepliaklqana was exalted by your worship.
You were not hungry.

You visited 3 branches of the dungeon, and saw 11 of its levels.
You also visited: Bailey.

You collected 1193 gold pieces.

Inventory:

Hand Weapons
 i - a +0 bardiche
 m - a +1 scimitar of flaming
 B - the +0 long sword "Kihir" {flame, rF+ rC+ Str+4 SInv}
   (You found it on level 5 of the Dungeon)

   It has been specially enchanted to burn those struck by it, causing extra
   injury to most foes and up to half again as much damage against particularly
   susceptible opponents.
   Big, fiery blades are also staple armaments of hydra-hunters.
   It affects your strength (+4).
   It protects you from fire.
   It protects you from cold.
   It lets you see invisible.
 G - the +3 hand axe of Winter (weapon) {pain, rPois rN++ Str+4 SInv}
   (You found it on level 6 of the Dungeon)

   In the hands of one skilled in necromantic magic, it inflicts extra damage on
   living creatures.
   It affects your strength (+4).
   It protects you from poison.
   It greatly protects you from negative energy.
   It lets you see invisible.
Missiles
 O - 8 throwing nets (quivered)
Armour
 x - a +2 cloak of poison resistance (worn)
 H - a +3 leather armour of poison resistance (worn)
Jewellery
 d - a +5 amulet of reflection (around neck)
 h - an uncursed ring of magical power
 j - a ring of positive energy (left hand)
 n - an uncursed amulet of rage
 u - an uncursed ring of magical power
 A - an uncursed ring of positive energy
 E - a +4 ring of protection (right hand)
 N - an uncursed amulet of the gourmand {unknown}
Wands
 f - a wand of confusion (19/48)
 I - a wand of lightning (12/15)
 M - a wand of random effects (13/48)
Scrolls
 e - 6 scrolls of magic mapping
 g - a scroll of fog
 l - 10 scrolls of identify
 p - 7 scrolls of remove curse
 r - 2 scrolls of recharging
 t - 2 scrolls of enchant armour
 v - 3 scrolls of amnesia
Potions
 k - a potion of degeneration
 w - a potion of resistance
 z - a potion of brilliance
Books
 a - a book of Clouds

   Spells                             Type                      Level
   a - Mephitic Cloud                 Conjuration/Poison/Air       3
   b - Conjure Flame                  Conjuration/Fire             3
   c - Poisonous Cloud                Conjuration/Poison/Air       6
   d - Freezing Cloud                 Conjuration/Ice/Air          6
   e - Ring of Flames                 Charms/Fire                  7
 q - a book of Air

   Spells                             Type                      Level
   a - Shock                          Conjuration/Air              1
   b - Swiftness                      Charms/Air                   2
   c - Repel Missiles                 Charms/Air                   2
   d - Static Discharge               Conjuration/Air              3
   e - Lightning Bolt                 Conjuration/Air              5
 y - a book of Debilitation

   Spells                             Type                      Level
   a - Corona                         Hexes                        1
   b - Slow                           Hexes                        2
   c - Gell's Gravitas                Hexes/Translocation          3
   d - Inner Flame                    Hexes/Fire                   3
   e - Cause Fear                     Hexes                        4
   f - Leda's Liquefaction            Hexes/Earth                  4
Comestibles
 b - 3 meat rations
 c - 7 bread rations
 s - 2 beef jerkies
 K - 24 fruits


   Skills:
 - Level 10.2 Fighting
 - Level 14.0(14.7) Axes
 + Level 6.6(10.2) Polearms
 - Level 8.0 Dodging
 - Level 1.5 Stealth


You had 10 spell levels left.
You didn't know any spells.

Dungeon Overview and Level Annotations

Branches:
Dungeon (9/15)             Temple (1/1) D:4            Lair (1/6) D:9
    Orc: D:9-12

Altars:
Ashenzari
Cheibriados
Dithmenos
Elyvilon
Fedhas
Gozag
Hepliaklqana
Kikubaaqudgha
Makhleb
Nemelex Xobeh
Okawaru
Qazlal
Ru
Sif Muna
Trog
Uskayaw
Vehumet
Xom
Yredelemnul
Zin
The Shining One

Shops:
D:8 %

Annotations:
D:4 George's ghost, amateur DEFE


Innate Abilities, Weirdness & Mutations

You are agile. (Dex +2)
You are somewhat resistant to further mutation.


Message History

The river rat is heavily wounded.
* * * LOW HITPOINT WARNING * * *
You feel sick.
Djefatnebti hits the spiny frog but does no damage.
Djefatnebti drains the spiny frog!
The spiny frog stings Djefatnebti!!
Djefatnebti is destroyed!
You enter the shallow water.
Moving in this stuff is going to be slow.
* * * LOW HITPOINT WARNING * * *
You feel sick. You block the river rat's attack.
The river rat closely misses you.
* * * LOW HITPOINT WARNING * * *
You feel sick. The river rat barely misses you.
Unknown command.
You hit the spiny frog.
The spiny frog is lightly wounded.
You barely miss the river rat.
* * * LOW HITPOINT WARNING * * *
You feel sick. The spiny frog stings you!!
You die...

...........####...#####.........#
....))...........................
....................^............
...........................####..
###.............≈..≈..≈.≈..# #..
#......≈≈≈..≈≈≈≈≈≈..≈....####.<
###.....≈≈≈≈≈≈≈≈≈≈≈≈≈≈≈...)......
.<[....≈≈≈≈≈≈≈≈)≈.≈≈≈≈.≈≈........
..........≈≈≈≈..@F..≈≈≈..........
.......≈≈≈≈≈≈≈≈..r.≈≈≈.≈≈≈.......
................[>..≈≈≈≈....###..
.......≈≈≈≈≈≈.≈....≈≈≈≈≈≈≈..# #..
......(≈≈≈≈≈≈≈.≈..≈.≈≈≈≈....# #..
........≈≈≈≈.≈≈≈≈≈≈≈≈F≈....## #..
........≈.≈.≈≈≈≈≈≈≈≈≈≈≈≈≈..# #..
#####....≈..≈≈≈≈≈≈≈≈≈..≈≈..# #..
#..≈...≈..≈≈≈≈≈≈≈.≈....####..


You could see 2 spiny frogs and a river rat.

Vanquished Creatures
  Erica (D:9)
  A troll (D:9)
  A human (D:4)
  2 hippogriffs
  2 hungry ghosts
  A water moccasin (D:9)
  3 sky beasts
  3 slaves (D:5)
  2 orc warriors
  5 ice beasts
  4 ogres
  6 centaurs
  9 giant frogs
  7 gnoll sergeants (Bailey)
  3 scorpions
  An electric eel (D:7)
  A howler monkey (D:5)
  A wasp zombie (D:8)
  A quasit (D:8)
  6 gnoll shamans
  2 jellies
  3 orc priests
  4 orc wizards
  A giant frog skeleton (D:7)
  Crazy Yiuf (D:6)
  9 hounds
  3 iguanas
  7 worker ants
  16 gnolls
  7 adders
  4 river rats
  A shadow imp (D:6)
  An ooze (D:3)
  2 adder zombies
  An adder skeleton (D:9)
  10 dart slugs
  3 giant geckos
  21 orcs
  5 bats
  3 giant cockroaches
  7 goblins
  4 hobgoblins
  3 jackals
  8 kobolds
  4 quokkas
  3 giant newts
  3 rats
  A fungus (D:6)
197 creatures vanquished.

Vanquished Creatures (collateral kills)
  The ghost of 100P the Carver, a novice DsFi (D:7)
  Maurice (D:8)
  Joseph (D:7)
  A hippogriff (D:9)
  A water moccasin (D:9)
  An orc warrior (D:7)
  A sky beast (D:5)
  A slave (D:5)
  2 necrophages
  A wolf (D:9)
  A big kobold (D:8)
  A gnoll sergeant (Bailey)
  3 electric eels
  6 hounds
  2 orc priests
  A gnoll shaman (Bailey)
  An iguana (D:4)
  A worker ant (D:9)
  3 gnolls (Bailey)
  An adder (D:4)
  2 river rats (D:9)
  An adder skeleton (D:6)
  A worm (D:3)
  A dart slug (D:7)
  2 giant geckos
  4 orcs
  A hobgoblin (D:1)
  A quokka (D:2)
  A giant gecko skeleton (D:7)
45 creatures vanquished.

Vanquished Creatures (others)
  7 hexers
  An orc (D:7)
8 creatures vanquished.

Grand Total: 250 creatures vanquished

Notes
Turn   | Place    | Note
-------+----------+-------------------------------------------
     0 | D:1      | Amnesiac the Hill Orc Monk began the quest for the Orb.
     0 | D:1      | Reached XP level 1. HP: 19/19 MP: 1/1
   282 | D:3      | Reached XP level 2. HP: 25/27 MP: 2/2
   432 | D:4      | Found a staircase to the Ecumenical Temple.
   439 | Temple   | Entered the Ecumenical Temple
   548 | Temple   | Became a worshipper of Hepliaklqana
   548 | Temple   | Reached * piety under Hepliaklqana
   548 | Temple   | Reached ** piety under Hepliaklqana
   570 | D:4      | Reached skill level 5 in Axes
   570 | D:4      | Reached XP level 3. HP: 22/29 MP: 3/3
   606 | D:4      | Noticed George's ghost (amateur DEFE)
   697 | D:4      | Remembered your ancestor Djefatnebti as a hexer
   799 | D:4      | Found a bloodstained altar of Trog.
   823 | D:4      | Reached XP level 4. HP: 28/36 MP: 4/4
   896 | D:4      | Noticed a human
   897 | D:4      | Found a runed door.
   901 | D:4      | Found a basalt altar of Yredelemnul.
  1083 | D:3      | Noticed an ogre
  1088 | D:3      | Killed an ogre
  1088 | D:3      | Reached skill level 5 in Fighting
  1088 | D:3      | Reached skill level 6 in Axes
  1088 | D:3      | Reached XP level 5. HP: 43/43 MP: 5/5
  1094 | D:3      | Found an ancient bone altar of Kikubaaqudgha.
  1151 | D:3      | Reached skill level 7 in Axes
  1311 | D:3      | Reached XP level 6. HP: 36/50 MP: 6/6
  1535 | D:2      | Found a glowing silver altar of Zin.
  1541 | D:2      | Reached *** piety under Hepliaklqana
  1607 | D:2      | Found a blossoming altar of Fedhas.
  2516 | D:2      | Reached **** piety under Hepliaklqana
  3169 | D:4      | Killed a human
  3169 | D:4      | Reached skill level 8 in Axes
  3169 | D:4      | Reached XP level 7. HP: 24/56 MP: 7/7
  3353 | D:4      | Found a shimmering altar of Xom.
  3437 | D:5      | Entered Level 5 of the Dungeon
  3512 | D:5      | Reached skill level 9 in Axes
  3863 | D:5      | Reached ***** piety under Hepliaklqana
  3930 | D:5      | Found a basalt altar of Yredelemnul.
  3950 | D:5      | Got a steaming long sword
  3951 | D:5      | Identified the cursed +0 long sword "Kihir" {flame, rF+ rC+ Str+4 SInv} (You found it on level 5 of the Dungeon)
  4102 | D:5      | Gained mutation: You are somewhat resistant to further mutation. [mutagenic meat]
  4105 | D:5      | Gained mutation: You are agile. (Dex +2) [mutagenic meat]
  4267 | D:5      | Found an opulent altar of Gozag.
  4290 | D:5      | Found an iron altar of Okawaru.
  4562 | D:6      | Reached skill level 10 in Axes
  4562 | D:6      | Reached XP level 8. HP: 61/65 MP: 8/8
  4656 | D:6      | Found a radiant altar of Vehumet.
  4659 | D:6      | Found a shattered altar of Ashenzari.
  4662 | D:6      | Found a snail-covered altar of Cheibriados.
  4665 | D:6      | Found a white marble altar of Elyvilon.
  4740 | D:6      | Got a blackened hand axe
  4741 | D:6      | Identified the cursed +3 hand axe of Winter {pain, rPois rN++ Str+4 SInv} (You found it on level 6 of the Dungeon)
  4978 | D:6      | Reached skill level 11 in Axes
  5224 | D:6      | Reached ****** piety under Hepliaklqana
  5418 | D:6      | Found a runed door.
  5423 | D:6      | Noticed Crazy Yiuf
  5428 | D:6      | Killed Crazy Yiuf
  5756 | D:7      | Reached skill level 12 in Axes
  5853 | D:7      | Noticed 100P's ghost (novice DsFi)
  6518 | D:6      | Reached XP level 9. HP: 72/73 MP: 9/9
  6674 | D:7      | Killed 100P's ghost
  6674 | D:7      | Reached skill level 13 in Axes
  7192 | D:7      | Reached skill level 14 in Axes
  7249 | D:7      | Noticed Joseph
  7358 | D:7      | Reached XP level 10. HP: 56/83 MP: 10/10
  7658 | D:7      | Reached skill level 10 in Fighting
  7715 | D:7      | Killed Joseph
  7997 | D:8      | Noticed Maurice
  7999 | D:8      | Reached skill level 5 in Dodging
  8042 | D:8      | Killed Maurice
  8308 | D:8      | Found Cearch's Food Shoppe.
  8422 | D:8      | Found a flagged portal.
  8452 | Bailey   | Entered a bailey
  8582 | Bailey   | HP: 3/83 [gnoll sergeant/halberd (11)]
  9906 | D:9      | Found a sparkling altar of Nemelex Xobeh.
 10007 | D:9      | Reached skill level 1 in Polearms
 10209 | D:9      | Reached XP level 11. HP: 90/90 MP: 11/11
 10232 | D:9      | Found a staircase to the Lair.
 10621 | D:9      | Found a stormy altar of Qazlal.
 10705 | D:9      | Reached skill level 5 in Polearms
 11014 | Lair:1   | Entered Level 1 of the Lair of Beasts
 11021 | Lair:1   | Noticed Erica
 11375 | D:9      | Killed Erica
 11680 | D:9      | Mangled by a spiny frog

Vault maps used:
D:1:      sevenhm_arrival_forest_fort_small_4, minmay_distorted
D:2:      zin_academy, fedhas_altar_2
D:3:      marbit_many_paths
D:4:      overflow_temple_1_default, tgw_xom, first_bread, dk_yredelemnul_ordeal
D:5:      kennysheep_mini, okawaru_ov_weapons_minmay, old_standard_altar,
          uniq_pikel
D:6:      grunt_temple_overflow_cloverleaf, uniq_crazy_yiuf_cottage
D:7:      kennysheep_slugbush, uniq_joseph
D:8:      enter_bailey_2, serial_shops, nicolae_shop_trees, blue_anna_alchemist,
          minivault_19, uniq_maurice
D:9:      nemelex_xobeh_ov_fountains_minmay, erik_lair_island,
          grunt_qazlal_clouds
Temple:   nicolae_temple_figure_zero
Lair:1:   beast_lair_carwin_large_3, grunt_megastairs_1, uniq_erica
Bailey:   bailey_polearm_gnolls_kennysheep, bailey

Skill      XL: |  1  2  3  4  5  6  7  8  9 10 11 |
---------------+----------------------------------+-----
Fighting       | 4 5 6 7 8 9 10 | 10.2
Axes           | 5 6 7 8 10 12 14 | 14.0
Dodging        | 3 8 |  8.0
Polearms       | 2 6 |  6.6
Stealth        | |  1.5

Action                   |  1- 3 |  4- 6 |  7- 9 | 10-12 || total
-------------------------+-------+-------+-------+-------++-------
Melee: Hand axe          |    42 |   165 |   371 |   455 ||  1033
       Great mace        |       |       |    13 |       ||    13
       Quarterstaff      |       |       |     1 |       ||     1
       Bardiche          |       |       |       |    34 ||    34
Throw: Throwing net      |       |       |       |     2 ||     2
Invok: Ancestor Life: He |     1 |       |       |       ||     1
       Recall Ancestor   |       |     1 |       |       ||     1
 Abil: Evoke Berserk Rag |       |     3 |     1 |       ||     4
  Use: Scroll            |       |       |     7 |     8 ||    15
       Potion            |       |       |     2 |     6 ||     8
 Stab: Confused          |       |     3 |    10 |    21 ||    34
       Sleeping          |       |     1 |       |     2 ||     3
       Distracted        |       |     1 |     7 |     4 ||    12
  Eat: Chunk             |       |     9 |    20 |    15 ||    44
Armor: Robe              |     6 |     5 |       |       ||    11
       Scale mail        |       |    24 |       |       ||    24
       Ring mail         |       |    12 |    58 |     2 ||    72
       Leather armour    |       |       |       |   111 ||   111
Dodge: Dodged            |    19 |    85 |   124 |   313 ||   541
Block: Other             |       |       |    22 |   105 ||   127
       Reflection        |       |       |     1 |     7 ||     8
